 Dungeon Crawl Stone Soup version 0.28.0-62-gf88900778d (webtiles) character file.

Game seed: 11181903996320908476

46 JacoesBerries the Conjurer (level 3, -13/19 HPs)
             Began as a Deep Elf Conjurer on Jan 18, 2023.
             Mangled by a mummy (17 damage)
             ... in an ossuary on Aug 1, 2023.
             The game lasted 00:04:34 (1631 turns).

JacoesBerries the Conjurer (Deep Elf Conjurer)      Turns: 1631, Time: 00:04:34

Health: -13/19     AC:  3    Str:  4    XL:     3   Next: 46%
Magic:  10/10      EV: 11    Int: 28    God:
Gold:   65         SH:  0    Dex: 13    Spells: 6/9 levels left

rFire   . . .      SeeInvis +   h - +0 dagger
rCold   x . .      Faith    .   (no shield)
rNeg    . . .      Spirit   .   c - +0 leather armour of Fedhas's Generosity {rC- Int+4 SInv}
rPois   .          Reflect  .   (no helmet)
rElec   .          Harm     .   (no cloak)
rCorr   .          Rampage  .   (no gloves)
Will    .....                   (no boots)
Stlth   +.........              (no amulet)
HPRegen 0.06/turn               (no ring)
MPRegen 0.12/turn               (no ring)

@: confused, ambrosia-drunk
A: no striking features
a: no special abilities


You were in an ossuary.
You visited 1 branch of the dungeon, and saw 3 of its levels.
You also visited: Ossuary.

You collected 65 gold pieces.

Inventory:

Hand Weapons
 h - a +0 dagger (weapon)
Missiles
 i - 2 poisoned darts
Armour
 a - a +0 robe
 c - the +0 leather armour of Fedhas's Generosity (worn) {rC- Int+4 SInv}
   (You found it on level 4 of the Dungeon)

   Int:       It affects your intelligence (+4).
   rC:        It makes you vulnerable to cold.
   SInv:      It lets you see invisible.
Potions
 b - a potion of haste {unknown}


   Skills:
 + Level 2.7 Dodging
 + Level 3.3 Stealth
 + Level 3.5 Spellcasting
 + Level 5.0 Conjurations


You had 6 spell levels left.
You knew the following spells:

 Your Spells              Type           Power      Damage    Failure   Level
a - Magic Dart            Conj           100%       1d8       1%          1
b - Searing Ray           Conj           66%        2d6       2%          2

Your spell library contained the following spells:

 Spells                   Type           Power      Damage    Failure   Level
 Dazzling Flash           Conj/Hex       38%        N/A       14%         3
 Fulminant Prism          Conj/Hex       9%         3d7       43%         4
 Iskenderun's Mystic Bla  Conj/Tloc      19%        2d6       43%         4


Dungeon Overview and Level Annotations

Branches:
Dungeon (4/15)            Ossuary (1/1)
 Temple: D:4-7

Altars:
Cheibriados


Message History

The mummy is severely damaged.
The searing ray hits the mummy.
The mummy is almost destroyed.
The searing ray hits the mummy.
You destroy the mummy!
You finish channelling your searing ray.
Your Stealth skill increases to level 3!
Casting: Searing Ray (safe; 2% risk of failure)
Confirm with . or Enter, or press ? or * to list all spells.
Aiming: Searing Ray (safe; 2% risk of failure)
Press: ? - help, Shift-Dir - straight line, f - mummy
Aim: a mummy (91% to hit)
The searing ray hits the mummy.
The mummy is moderately damaged. (Press . to maintain the ray.)
The searing ray hits the mummy.
The mummy is moderately damaged.
The searing ray hits the mummy but does no damage.
The mummy is moderately damaged.
The searing ray hits the mummy!
The mummy is severely damaged.
The searing ray hits the mummy.
The mummy is heavily damaged.
The mummy hits you!
Ouch! That really hurt!
* * * LOW HITPOINT WARNING * * *
It was a potion of ambrosia.
You are confused.
You feel invigorated.
You barely miss the mummy.
The mummy is heavily damaged.
The mummy barely misses you.
You hit the mummy but do no damage.
The mummy is severely damaged.
The mummy hits you!
Ouch! That really hurt!
* * * LOW HITPOINT WARNING * * *
You're too confused to move!
The mummy hits you!
Ouch! That really hurt!
You die...

#######
#.#.#.#
#.....#
#...#
#.∩.#
#...#
#.MM#
#..@#
##+##


You could see 2 mummies.

Vanquished Creatures
  A mummy (Ossuary)
  A worm (D:4)
  A dart slug (D:1)
  A ball python (D:1)
  7 endoplasms (D:1)
  A giant cockroach (D:1)
  2 goblins (D:1)
  3 hobgoblins (D:1)
  A kobold (D:1)
  A quokka (D:1)
  4 bats (D:1)
  2 frilled lizards (D:1)
25 creatures vanquished.

Vanquished Creatures (others)
  A plant (D:1)
1 creature vanquished.

Grand Total: 26 creatures vanquished

Notes
Turn   | Place    | Note
-------+----------+-------------------------------------------
     0 | D:1      | JacoesBerries the Deep Elf Conjurer began the quest for the
                  | Orb.
     0 | D:1      | Reached XP level 1. HP: 10/10 MP: 6/6
    70 | D:1      | Upgraded the game from 0.28.0-55-gcd9437bce4 to
                  | 0.28.0-62-gf88900778d
   312 | D:1      | Reached XP level 2. HP: 15/15 MP: 5/8
   676 | D:1      | Learned a level 2 spell: Searing Ray
   897 | D:1      | Reached skill level 5 in Conjurations
  1158 | D:1      | Reached XP level 3. HP: 19/19 MP: 8/10
  1540 | D:2      | Found a snail-covered altar of Cheibriados.
  1540 | D:2      | You fall into a shaft and drop 2 floors!
  1582 | D:4      | Found a sand-covered staircase.
  1599 | D:4      | Identified the +0 leather armour of Fedhas's Generosity
                  | {rC- Int+4 SInv}
  1617 | Ossuary  | Entered an ossuary
  1631 | Ossuary  | Mangled by a mummy

Illustrated notes

Levels and vault maps discovered:
D:1:      saegor_arrival_simple_d, layout_loops_ring, nrook_mini_vaults,
          kennysheep_boxes
D:2:      layout_loops_cross, shapermc_ecumenical_altar_totnotflames,
          basic_altar, uniq_jessica
D:4:      layout_loops_ring, nicolae_ossuary_entry_monument
Ossuary:  ossuary_minmay_chase

Skill      XL: |  1  2  3 |
---------------+----------+-----
Conjurations   | 5 |  5.0
Stealth        | 3 |  3.3
Dodging        | |  2.7
Spellcasting   | |  3.5

Action                   || total
-------------------------++-------
Melee: Dagger            ||     9
 Cast: Magic Dart        ||    34
       Searing Ray       ||     8
  Use: Scroll            ||     5
       Potion            ||     1
 Stab: Sleeping          ||     5
Armor: Robe              ||     1
Dodge: Dodged            ||     9
